SL
DETROIT ELITE @ COLORADO BILLY GOATS
07/27/2042
 
TOP OF THE 1ST
Detroit Elite batting - Pitching for Colorado Billy Goats : LHP Francisco Rivas
Pitching: LHP Francisco Rivas
Batting: RHB Víctor Cuevas 0-0: Ball
1-0: Foul Ball, location: 2F
1-1: Ball
2-1: Ground out 5-3 (Groundball, 5S, EV 68.1 MPH)
Batting: RHB Jeff Solís 0-0: Ball
1-0: Foul Ball, location: 2F
1-1: Foul Ball, location: 2F
1-2: Ball
2-2: Ball
3-2: Foul Ball, location: 2F
3-2: Foul Ball, location: 2F
3-2: Foul Ball, location: 2F
3-2: Foul Ball, location: 2F
3-2: DOUBLE (Groundball, 5L, EV 100.0 MPH)
Batting: RHB Amon-Ra St. Brown 0-0: Ball
1-0: Ball
2-0: Swinging Strike
2-1: Called Strike
2-2: Foul Ball, location: 2F
2-2: Foul Ball, location: 2F
2-2: Strikes out swinging
Batting: RHB Daryl Yandell 0-0: Ball
1-0: Ball
2-0: Foul Ball, location: 2F
2-1: Ball
3-1: Foul Ball, location: 2F
3-2: Base on Balls
Batting: RHB Freedon Akinmoladun 0-0: Called Strike
0-1: Ball
1-1: SINGLE (Groundball, 6M, EV 81.2 MPH) (infield hit)
Jeff Solís to third
Daryl Yandell to second
Batting: RHB Estanislao Hirigoyen 0-0: Swinging Strike
0-1: Called Strike
0-2: Foul Ball, location: 2F
0-2: Foul Ball, location: 2F
0-2: Strikes out swinging
Top of the 1st over - 0 runs, 2 hits, 0 errors, 3 left on base; Detroit 0 - Colorado 0
BOTTOM OF THE 1ST
Colorado Billy Goats batting - Pitching for Detroit Elite : RHP Carl MacPherson
Pitching: RHP Carl MacPherson
Batting: LHB David de Meij 0-0: Foul Ball, location: 2F
0-1: Ball
1-1: Called Strike
1-2: Ball
2-2: Fly out, F4 (Popup, 4D, EV 57.5 MPH)
Batting: LHB Ricardo Yates 0-0: Ground out 1-3 (Groundball, P, EV 91.9 MPH)
Batting: LHB Tim Gonzáles 0-0: Ball
1-0: Ball
2-0: Ball
3-0: Called Strike
3-1: Base on Balls
Batting: LHB Robby Sinor 0-0: Called Strike
0-1: Ground out U3 (Groundball, 34S, EV 88.8 MPH)
Bottom of the 1st over - 0 runs, 0 hits, 0 errors, 1 left on base; Detroit 0 - Colorado 0
TOP OF THE 2ND
Detroit Elite batting - Pitching for Colorado Billy Goats : LHP Francisco Rivas
Batting: RHB Juan Amengual 0-0: Swinging Strike
0-1: Fly out, F7 (Flyball, 7LD, EV 81.2 MPH)
Batting: LHB Jack McCusker 0-0: Ball
1-0: DOUBLE (Line Drive, 5D, EV 99.4 MPH)
Batting: LHB Jeff Griffin 0-0: Ball
1-0: Swinging Strike
1-1: Called Strike
1-2: Strikes out swinging
Batting: RHB Víctor Cuevas 0-0: Called Strike
0-1: Foul Ball, location: 2F
0-2: Ball
1-2: SINGLE (Groundball, 4MD, EV 95.0 MPH)
Jack McCusker to third
Runner from 3rd tries for Home, SAFE, throw by CF to home
Batting: RHB Jeff Solís 0-0: Called Strike
0-1: Swinging Strike
0-2: Strikes out swinging
Top of the 2nd over - 1 run, 2 hits, 0 errors, 1 left on base; Detroit 1 - Colorado 0
BOTTOM OF THE 2ND
Colorado Billy Goats batting - Pitching for Detroit Elite : RHP Carl MacPherson
Batting: LHB Samual Johnson 0-0: SINGLE (Flyball, 9S, EV 90.0 MPH)
Batting: RHB Paul Byrd 0-0: Ball
1-0: Swinging Strike
1-1: Ball
2-1: SINGLE (Groundball, 4MD, EV 105.0 MPH)
Samual Johnson to second
Batting: LHB Ruhinda Kirkconnell 0-0: Called Strike
0-1: Fly out, F8 (Line Drive, 8LD, EV 86.2 MPH)
Batting: SHB Raoul de Gilde 0-0: Ball
1-0: Swinging Strike
1-1: Grounds into double play, 4-6-3 (Groundball, 4MS, EV 79.4 MPH)
Bottom of the 2nd over - 0 runs, 2 hits, 0 errors, 1 left on base; Detroit 1 - Colorado 0
TOP OF THE 3RD
Detroit Elite batting - Pitching for Colorado Billy Goats : LHP Francisco Rivas
Batting: RHB Amon-Ra St. Brown 0-0: Called Strike
0-1: Ball
1-1: Ball
2-1: Ball
3-1: Ground out 5-3 (Groundball, 56S, EV 81.2 MPH)
Batting: RHB Daryl Yandell 0-0: SINGLE (Flyball, 7S, EV 86.9 MPH)
Batting: RHB Freedon Akinmoladun 0-0: Foul Ball, location: 2F
0-1: Ball
1-1: Fly out, F6 (Flyball, 4MD, EV 80.0 MPH)
Batting: RHB Estanislao Hirigoyen 0-0: Called Strike
0-1: Fielders Choice at 2nd, U4 (Groundball, 4M, EV 81.9 MPH)
Top of the 3rd over - 0 runs, 1 hit, 0 errors, 1 left on base; Detroit 1 - Colorado 0
BOTTOM OF THE 3RD
Colorado Billy Goats batting - Pitching for Detroit Elite : RHP Carl MacPherson
Batting: RHB Matt Méndez 0-0: Foul Ball, location: 2F
0-1: Ball
1-1: Ball
2-1: Fly out, F6 (Popup, 6M, EV 72.5 MPH)
Batting: LHB David de Meij 0-0: Ball
1-0: Ball
2-0: Ball
3-0: Called Strike
3-1: Base on Balls
Batting: LHB Ricardo Yates 0-0: Swinging Strike
0-1: Ball
1-1: Fielders Choice at 2nd, 3-6 (Groundball, 34, EV 76.2 MPH)
Batting: LHB Tim Gonzáles 0-0: Ball
1-0: Called Strike
Ricardo Yates steals 2nd base
1-1: SINGLE (Groundball, 4MD, EV 104.4 MPH)
Ricardo Yates to third
Runner from 3rd tries for Home, SAFE, throw by CF to home
Batting: LHB Robby Sinor 0-0: Called Strike
0-1: Called Strike
0-2: Strikes out swinging
Bottom of the 3rd over - 1 run, 1 hit, 0 errors, 1 left on base; Detroit 1 - Colorado 1
TOP OF THE 4TH
Detroit Elite batting - Pitching for Colorado Billy Goats : LHP Francisco Rivas
Batting: RHB Juan Amengual 0-0: Ball
1-0: Swinging Strike
1-1: Ball
2-1: Foul Ball, location: 2F
2-2: Foul Ball, location: 2F
2-2: Foul Ball, location: 2F
2-2: Strikes out swinging
Batting: LHB Jack McCusker 0-0: Fly out, F7 (Flyball, 78S, EV 80.6 MPH)
Batting: LHB Jeff Griffin 0-0: Called Strike
0-1: Foul Ball, location: 2F
0-2: Strikes out swinging
Top of the 4th over - 0 runs, 0 hits, 0 errors, 0 left on base; Detroit 1 - Colorado 1
BOTTOM OF THE 4TH
Colorado Billy Goats batting - Pitching for Detroit Elite : RHP Carl MacPherson
Batting: LHB Samual Johnson 0-0: Called Strike
0-1: SOLO HOME RUN (Line Drive, 89XD, EV 103.1 MPH), Distance : 407 ft
Batting: RHB Paul Byrd 0-0: Called Strike
0-1: Called Strike
0-2: Strikes out swinging
Batting: LHB Ruhinda Kirkconnell 0-0: Ball
1-0: Ball
2-0: Foul Ball, location: 2F
2-1: Swinging Strike
2-2: Strikes out swinging
Batting: SHB Raoul de Gilde 0-0: SINGLE (Line Drive, 56D, EV 96.9 MPH)
Batting: RHB Matt Méndez 0-0: Ball
1-0: Called Strike
1-1: Ball
2-1: Foul Ball, location: 2F
2-2: Foul Ball, location: 2F
2-2: Fly out, F9 (Flyball, 9LM, EV 93.8 MPH)
Bottom of the 4th over - 1 run, 2 hits, 0 errors, 1 left on base; Detroit 1 - Colorado 2
TOP OF THE 5TH
Detroit Elite batting - Pitching for Colorado Billy Goats : LHP Francisco Rivas
Batting: RHB Víctor Cuevas 0-0: Called Strike
0-1: Ball
1-1: Fly out, F8 (Flyball, 8RD, EV 99.4 MPH)
Batting: RHB Jeff Solís 0-0: Ball
1-0: Called Strike
1-1: Ball
2-1: Foul Ball, location: 2F
2-2: SINGLE (Groundball, 4, EV 99.4 MPH) (infield hit)
Batting: RHB Amon-Ra St. Brown 0-0: Called Strike
0-1: Grounds into double play, 4-6-3 (Groundball, 4, EV 96.9 MPH)
Top of the 5th over - 0 runs, 1 hit, 0 errors, 0 left on base; Detroit 1 - Colorado 2
BOTTOM OF THE 5TH
Colorado Billy Goats batting - Pitching for Detroit Elite : RHP Carl MacPherson
Batting: LHB David de Meij 0-0: Called Strike
0-1: Ground out 4-3 (Groundball, 4, EV 80.6 MPH)
Batting: LHB Ricardo Yates 0-0: Called Strike
0-1: Swinging Strike
0-2: Ball
1-2: Fly out, F8 (Flyball, 8LM, EV 90.6 MPH)
Batting: LHB Tim Gonzáles 0-0: Ball
1-0: Called Strike
1-1: Foul Ball, location: 2F
1-2: Fly out, F7 (Flyball, 78M, EV 82.5 MPH)
Bottom of the 5th over - 0 runs, 0 hits, 0 errors, 0 left on base; Detroit 1 - Colorado 2
TOP OF THE 6TH
Detroit Elite batting - Pitching for Colorado Billy Goats : LHP Francisco Rivas
Batting: RHB Daryl Yandell 0-0: Called Strike
0-1: Foul Ball, location: 2F
0-2: SINGLE (Groundball, 6D, EV 95.0 MPH)
Batting: RHB Freedon Akinmoladun 0-0: Swinging Strike
0-1: Grounds into double play, 5-4-3 (Groundball, 56S, EV 90.0 MPH)
Batting: RHB Estanislao Hirigoyen 0-0: Ball
1-0: SINGLE (Line Drive, 34D, EV 102.5 MPH)
Pitching: LHP Mamadou Boutin
Batting: RHB Juan Amengual 0-0: Called Strike
Estanislao Hirigoyen steals 2nd base
0-1: Ball
1-1: Called Strike
1-2: Strikes out swinging
Top of the 6th over - 0 runs, 2 hits, 0 errors, 1 left on base; Detroit 1 - Colorado 2
BOTTOM OF THE 6TH
Colorado Billy Goats batting - Pitching for Detroit Elite : RHP Carl MacPherson
Batting: LHB Robby Sinor 0-0: Ball
1-0: Ball
2-0: Ball
3-0: Called Strike
3-1: Foul Ball, location: 2F
3-2: Base on Balls
Batting: LHB Samual Johnson 0-0: Called Strike
Robby Sinor steals 2nd base
0-1: Foul Ball, location: 2F
0-2: Foul Ball, location: 2F
0-2: Ball
1-2: Ball
2-2: Fly out, F9 (Line Drive, 9, EV 91.9 MPH)
Batting: RHB Paul Byrd 0-0: Called Strike
0-1: Ball
1-1: SINGLE (Line Drive, 7LS, EV 91.2 MPH)
Robby Sinor to third
Runner from 3rd tries for Home, SAFE, no throw by LF
Batting: LHB Ruhinda Kirkconnell 0-0: Ball
1-0: Called Strike
1-1: Fly out, F8 (Flyball, 8RS, EV 88.1 MPH)
Batting: SHB Raoul de Gilde 0-0: Called Strike
0-1: Ball
1-1: Foul Ball, location: 2F
1-2: Strikes out swinging
Bottom of the 6th over - 1 run, 1 hit, 0 errors, 1 left on base; Detroit 1 - Colorado 3
TOP OF THE 7TH
Detroit Elite batting - Pitching for Colorado Billy Goats : LHP Mamadou Boutin
Batting: LHB Jack McCusker 0-0: SOLO HOME RUN (Flyball, 9D, EV 97.5 MPH), Distance : 377 ft
Batting: LHB Jeff Griffin 0-0: Ball
1-0: Foul Ball, location: 2F
1-1: Foul Ball, location: 2F
1-2: Foul Ball, location: 2F
1-2: Strikes out swinging
Batting: RHB Víctor Cuevas 0-0: Ball
1-0: Swinging Strike
1-1: SINGLE (Groundball, 34, EV 80.6 MPH) (infield hit)
Batting: RHB Jeff Solís 0-0: Ball
1-0: Ball
2-0: Ground out 5-3 (Groundball, 56S, EV 76.9 MPH)
Víctor Cuevas to second
Batting: RHB Amon-Ra St. Brown 0-0: Called Strike
0-1: Called Strike
0-2: Ball
1-2: Foul Ball, location: 2F
1-2: Strikes out looking
Top of the 7th over - 1 run, 2 hits, 0 errors, 1 left on base; Detroit 2 - Colorado 3
BOTTOM OF THE 7TH
Colorado Billy Goats batting - Pitching for Detroit Elite : RHP Carl MacPherson
Batting: RHB Matt Méndez 0-0: Swinging Strike
0-1: Ball
1-1: Called Strike
1-2: Foul Ball, location: 2F
1-2: Ball
2-2: SINGLE (Line Drive, 7S, EV 105.6 MPH)
Batting: LHB David de Meij 0-0: Called Strike
0-1: SINGLE (Line Drive, 6M, EV 95.6 MPH)
Matt Méndez to second
Runner from 2nd tries for 3rd, SAFE, no throw by CF
Batting: LHB Ricardo Yates 0-0: Ball
1-0: Ball
2-0: Called Strike
2-1: Ball
3-1: SINGLE (Line Drive, 56D, EV 104.4 MPH)
Matt Méndez scores
David de Meij to second
Pitching: LHP Tony Torres
Batting: LHB Tim Gonzáles 0-0: Called Strike
0-1: Ball
1-1: Ball
David de Meij steals 3rd base
Ricardo Yates to second
2-1: Ball
3-1: Base on Balls
Batting: LHB Robby Sinor 0-0: Swinging Strike
0-1: Swinging Strike
0-2: Strikes out looking
Batting: LHB Samual Johnson 0-0: Called Strike
0-1: Foul Ball, location: 2F
0-2: Strikes out swinging
Batting: RHB Paul Byrd 0-0: Ball
1-0: Called Strike
1-1: Fly out, F5 (Popup, 5SF, EV 74.4 MPH)
Bottom of the 7th over - 1 run, 3 hits, 0 errors, 3 left on base; Detroit 2 - Colorado 4
TOP OF THE 8TH
Detroit Elite batting - Pitching for Colorado Billy Goats : LHP Mamadou Boutin
Batting: RHB Daryl Yandell 0-0: Ground out 5-3 (Groundball, 56S, EV 86.2 MPH)
Batting: RHB Freedon Akinmoladun 0-0: Called Strike
0-1: SINGLE (Groundball, 56D, EV 96.9 MPH)
Batting: RHB Estanislao Hirigoyen 0-0: Called Strike
0-1: Ball
1-1: Grounds into double play, 6-4-3 (Groundball, 6, EV 101.2 MPH)
Top of the 8th over - 0 runs, 1 hit, 0 errors, 0 left on base; Detroit 2 - Colorado 4
BOTTOM OF THE 8TH
Colorado Billy Goats batting - Pitching for Detroit Elite : LHP Tony Torres
Batting: LHB Ruhinda Kirkconnell 0-0: Ball
1-0: Ball
2-0: Called Strike
2-1: SINGLE (Line Drive, 34, EV 98.1 MPH)
Batting: SHB Raoul de Gilde 0-0: Ball
1-0: Foul Ball, location: 2F
1-1: Called Strike
1-2: Foul Ball, location: 2F
1-2: Strikes out looking
Batting: RHB Matt Méndez 0-0: Swinging Strike
Ruhinda Kirkconnell steals 2nd base
0-1: Foul Ball, location: 2F
0-2: Ball
1-2: Ground out 1-3 (Groundball, 13S, EV 69.4 MPH)
Ruhinda Kirkconnell to third
Batting: LHB David de Meij 0-0: Ball
1-0: Ball
2-0: Ball
3-0: Called Strike
3-1: Base on Balls
Batting: LHB Ricardo Yates 0-0: Ground out U3 (Groundball, 3L, EV 86.9 MPH)
Bottom of the 8th over - 0 runs, 1 hit, 0 errors, 2 left on base; Detroit 2 - Colorado 4
TOP OF THE 9TH
Detroit Elite batting - Pitching for Colorado Billy Goats : LHP Mamadou Boutin
Pitching: RHP Magnus Belli
Batting: RHB Juan Amengual 0-0: Ground out 6-3 (Groundball, 6M, EV 105.0 MPH)
Batting: LHB Jack McCusker 0-0: Ball
1-0: Called Strike
1-1: Ball
2-1: Foul Ball, location: 2F
2-2: Foul Ball, location: 2F
2-2: Ground out 6-3 (Groundball, 6, EV 87.5 MPH)
Batting: LHB Jeff Griffin 0-0: Swinging Strike
0-1: Foul Ball, location: 2F
0-2: SINGLE (Groundball, 34, EV 87.5 MPH) (infield hit)
Batting: RHB Víctor Cuevas 0-0: Called Strike
0-1: Foul Ball, location: 2F
0-2: Ball
1-2: Strikes out swinging
Top of the 9th over - 0 runs, 1 hit, 0 errors, 1 left on base; Detroit 2 - Colorado 4
Friday, March 26th, 2021 - OOTP Baseball 20.8 Build 74